 Dungeon Crawl Stone Soup version 0.19-a0-1717-gc7c1317 (webtiles) character file.

2192 Psiweapon the Cudgeler (level 9, -1/64 HPs)
             Began as a Mummy Fighter on Sept 29, 2016.
             Was a Follower of Ashenzari.
             Shot with a sling bullet by Joseph (7 damage)
             ... on level 7 of the Dungeon.
             The game lasted 00:25:05 (6370 turns).

Psiweapon the Cudgeler (Mummy Fighter)              Turns: 6370, Time: 00:25:07

Health: -1/64      AC: 12    Str: 22    XL:     9   Next: 12%
Magic:  9/9        EV:  7    Int:  9    God:    Ashenzari [*.....]
Gold:   239        SH:  9    Dex: 12    Spells: 0 memorised, 8 levels left

rFire  x . .     SeeInvis +     x - +4 hand axe of Conformity {flame, Int+2 SInv}
rCold  + . .     Gourm    .     b - +0 scale mail
rNeg   + + +     Faith    .     c - +0 shield
rPois  ∞         Spirit   .     y - +0 helmet
rElec  .         Dismiss  .     n - +0 cloak
rCorr  .         Reflect  .     u - +0 pair of gloves
MR     +....     Harm     .     (no boots)
Stlth  ..........               m - amulet of magic regeneration
                                (no ring)
                                (no ring)

@: no status effects
A: no food or potions, fire vulnerability, cold resistance 1, negative energy
resistance 3, torment resistance, unbreathing
a: Curse Item, Scrying, Renounce Religion


You were on level 7 of the Dungeon.
You worshipped Ashenzari.
Ashenzari was aware of your devotion.
You were not hungry.

You visited 2 branches of the dungeon, and saw 8 of its levels.
You also visited: Ossuary.

You collected 239 gold pieces.

Inventory:

Hand Weapons
 a - a +0 war axe
 o - a +0 morningstar
 x - the +4 hand axe of Conformity (weapon) {flame, Int+2 SInv}
   (You found it on level 5 of the Dungeon)

   It has been specially enchanted to burn those struck by it, causing extra
   injury to most foes and up to half again as much damage against particularly
   susceptible opponents.
   Big, fiery blades are also staple armaments of hydra-hunters.
   It affects your intelligence (+2).
   It lets you see invisible.
Missiles
 d - 222 stones (quivered)
 g - 48 bolts
 l - 2 javelins
 p - 11 sling bullets
Armour
 b - a +0 scale mail (worn)
 c - a +0 shield (worn)
 n - a +0 cloak (worn)
 u - a +0 pair of gloves (worn)
 y - a +0 helmet (worn)
 z - a +0 hat
Jewellery
 i - an uncursed amulet of rage
 m - an amulet of magic regeneration (around neck)
Wands
 s - a wand of confusion (1/48)
 t - a wand of digging (6/24)
 C - a wand of flame (4/48)
Scrolls
 e - a scroll of blinking {unknown}
 f - 3 scrolls of remove curse
 h - 3 scrolls of random uselessness
 j - 2 scrolls of identify
 k - 2 scrolls of teleportation {unknown}
 q - a scroll of enchant weapon {unknown}
 r - a scroll of magic mapping {unknown}
 v - a scroll of enchant armour {unknown}
 w - a scroll of brand weapon {unknown}
 A - a scroll of holy word {unknown}
 D - a scroll of noise {unknown}
 E - a scroll of recharging {unknown}


   Skills:
 - Level 3.4 Fighting
 - Level 3.8(6.2) Axes
 - Level 7.7(8.1) Maces & Flails
 + Level 5.5 Armour
 - Level 0.2 Dodging
 - Level 2.7 Shields


You had 8 spell levels left.
You didn't know any spells.

Dungeon Overview and Level Annotations

Branches:
Dungeon (7/15)             Temple (1/1) D:4

Altars:
Ashenzari
Cheibriados
Elyvilon
Fedhas
Gozag
Hepliaklqana
Kikubaaqudgha
Nemelex Xobeh
Okawaru
Qazlal
Ru
Sif Muna
Trog
Uskayaw
Vehumet
Xom
Zin

Annotations:
D:7 Joseph


Innate Abilities, Weirdness & Mutations

You do not eat or drink.
Your flesh is vulnerable to fire.
You are immune to poison.
Your flesh is cold resistant. (rC+)
You are immune to negative energy. (rN+++)
You are immune to unholy pain and torment.
You can survive without breathing.


Message History

Aim: Joseph, wielding a hunting sling, wearing a ring mail, quivering 14 sling bullets and carrying an uncursed quarterstaff of crushing (severely wounded)
The puff of flame hits Joseph.
Joseph appears unharmed.
Joseph is severely wounded.
This wand has 5 charges left.
Your bullfrog skeleton hits Joseph.
Joseph unwields an uncursed hunting sling.
Joseph wields an uncursed quarterstaff of crushing.
Joseph hits your bullfrog skeleton with an uncursed quarterstaff of crushing.
Your bullfrog skeleton closely misses Joseph.
Evoke which item? (* to show all) (? for menu, Esc to quit)
Zapping:
C - a wand of flame (5/48)
Press: ? - help, Shift-Dir - straight line, f/p - Joseph
Aim: Joseph, wielding a quarterstaff of crushing, wearing a ring mail, quivering 14 sling bullets and carrying an uncursed hunting sling (severely wounded)
The puff of flame hits Joseph.
Joseph is almost dead.
This wand has 4 charges left.
Your bullfrog skeleton completely misses Joseph.
Joseph unwields an uncursed quarterstaff of crushing.
Joseph wields an uncursed hunting sling.
Joseph shoots a sling bullet.
The sling bullet hits you!
You die...

...# ##...# #..
#.# ..#.# #.# .#
#...# #.# ##
#<.# #.# .# #..#
#.# #
#..####.#####.#
#
#.$....)......#
##..#
#..####.#######
...#
#..##.@........
##...
.......#..######
###..####(.#
#..# #%((#
........Z@.....
...###[..#.####
....# ##..#.#
##.# # .#


You could see Joseph and a friendly bullfrog skeleton.

Vanquished Creatures
  Eustachio (D:5)
  A phantom (D:5)
  2 sky beasts (D:6)
  A centaur (D:6)
  3 ogres
  5 elf zombies (Ossuary)
  Blork the orc (D:5)
  3 bullfrogs (D:6)
  A howler monkey (D:4)
  5 centaur zombies
  A hound (D:6)
  3 human zombies (Ossuary)
  3 orc wizards
  3 worker ants
  A hound skeleton (D:4)
  3 mummies (Ossuary)
  11 gnolls
  11 adders
  A shadow imp (D:5)
  2 oozes
  An adder skeleton (D:5)
  2 dart slugs
  4 leopard geckos
  6 orcs
  5 giant cockroaches
  6 goblins
  9 hobgoblins
  20 jackals
  9 kobolds
  4 quokkas
  7 ball pythons
  11 bats
  6 frilled lizards
  A quokka skeleton (D:7)
  2 rats
155 creatures vanquished.

Vanquished Creatures (others)
  A quokka (D:6)
1 creature vanquished.

Grand Total: 156 creatures vanquished

Notes
Turn   | Place    | Note
-------+----------+-------------------------------------------
     0 | D:1      | Psiweapon the Mummy Fighter began the quest for the Orb.
     0 | D:1      | Reached XP level 1. HP: 18/18 MP: 1/1
   195 | D:2      | Reached XP level 2. HP: 24/24 MP: 2/2
   462 | D:1      | Reached XP level 3. HP: 25/29 MP: 3/3
  1143 | D:3      | Reached XP level 4. HP: 27/35 MP: 4/4
  1394 | D:2      | Reached XP level 5. HP: 23/41 MP: 5/5
  2077 | D:3      | Found a hazy altar of Hepliaklqana.
  2298 | D:3      | Reached skill level 1 in Maces & Flails
  2636 | D:3      | Reached skill level 2 in Maces & Flails
  2641 | D:3      | Reached XP level 6. HP: 41/47 MP: 6/6
  3053 | D:3      | Reached skill level 3 in Maces & Flails
  3442 | D:4      | Found a staircase to the Ecumenical Temple.
  3447 | Temple   | Entered the Ecumenical Temple
  3454 | Temple   | Became a worshipper of Ashenzari the Shackled
  3589 | D:4      | Reached skill level 4 in Maces & Flails
  3916 | D:4      | Reached XP level 7. HP: 49/52 MP: 7/7
  3999 | D:5      | Entered Level 5 of the Dungeon
  4135 | D:5      | Noticed Blork the orc
  4561 | D:5      | Found a sand-covered staircase.
  4579 | Ossuary  | Entered an ossuary
  4621 | Ossuary  | Reached skill level 5 in Maces & Flails
  4678 | Ossuary  | Reached skill level 6 in Maces & Flails
  4705 | Ossuary  | Reached XP level 8. HP: 27/58 MP: 8/8
  5056 | D:5      | Got the hand axe of Conformity {flame, Int+2 SInv}
  5087 | D:5      | Reached skill level 7 in Maces & Flails
  5240 | D:5      | Reached * piety under Ashenzari
  5256 | D:5      | Noticed Eustachio
  5296 | D:5      | Killed Eustachio
  5466 | D:6      | Identified the +4 hand axe of Conformity {flame, Int+2 SInv} (You found it on level 5 of the Dungeon)
  5597 | D:5      | Killed Blork the orc
  5769 | D:6      | Found a white marble altar of Elyvilon.
  6048 | D:6      | Reached skill level 5 in Armour
  6048 | D:6      | Reached XP level 9. HP: 54/64 MP: 9/9
  6350 | D:7      | Noticed Joseph
  6370 | D:7      | Shot with a sling bullet by Joseph

Vault maps used:
D:1:      dpeg_arrival_another_circle
D:3:      wad_river_or_something, old_standard_altar, minmay_snake_closets
D:5:      first_bread, enter_ossuary_5, uniq_blork_the_orc, uniq_eustachio
D:6:      makhleb_heckhound_becter, elyvilon_altar_4
D:7:      marbit_many_paths, lemuel_mausoleum_altar_yredelemnul, uniq_joseph,
          uniq_prince_ribbit1
Temple:   nicolae_temple_no_exploring_needed
Ossuary:  ossuary_minmay_four_chambers

Skill      XL: |  1  2  3  4  5  6  7  8 |
---------------+-------------------------+-----
Axes           | 2 3 |  3.8
Maces & Flails | 2 4 6 7 |  7.7
Armour         | 5 |  5.5
Fighting       | |  3.4
Dodging        | |  0.2
Shields        | |  2.7

Action                   |  1- 3 |  4- 6 |  7- 9 || total
-------------------------+-------+-------+-------++-------
Melee: War axe           |   142 |   105 |     5 ||   252
       Morningstar       |       |   145 |   205 ||   350
       Hand axe          |       |       |    76 ||    76
Evoke: Wand              |       |       |    26 ||    26
  Use: Scroll            |       |       |     4 ||     4
 Stab: Confused          |       |       |     1 ||     1
Armor: Scale mail        |    88 |   153 |   105 ||   346
Dodge: Dodged            |    61 |    97 |    62 ||   220
Block: Shield            |    88 |   180 |    95 ||   363
